 Dungeon Crawl Stone Soup version 0.27.1-33-g824d729ab1 (webtiles) character file.

Game seed: 4885687351262318216

16 DenSaoPin the Shield-Bearer (level 2, 0/27 HPs)
             Began as a Minotaur Fighter on Dec 1, 2021.
             Constricted to death by a ball python (1 damage)
             ... on level 1 of the Dungeon.
             The game lasted 00:03:12 (741 turns).

DenSaoPin the Shield-Bearer (Minotaur Fighter)       Turns: 741, Time: 00:03:13

Health: 0/27       AC:  7    Str: 20    XL:     2   Next: 41%
Magic:  1/1        EV:  4    Int:  5    God:
Gold:   0          SH:  9    Dex:  9    Spells: 1/1 levels left

rFire    . . .     SeeInvis .   a - +0 long sword
rCold    . . .     Faith    .   c - +0 kite shield
rNeg     . . .     Spirit   .   b - +0 scale mail
rPois    .         Reflect  .   (helmet restricted)
rElec    .         Harm     .   (no cloak)
rCorr    .         Rampage  .   (no gloves)
Will     .....                  (no boots)
Stlth    ..........             (no amulet)
HPRegen  0.09/turn              (no ring)
MPRegen  0.07/turn              (no ring)

@: constricted
A: horns 2, retaliatory headbutt
a: no special abilities


You were on level 1 of the Dungeon.
You visited 1 branch of the dungeon, and saw 1 of its levels.

Inventory:

Hand Weapons
 a - a +0 long sword (weapon)
Armour
 b - a +0 scale mail (worn)
 c - a +0 kite shield (worn)
Potions
 d - a potion of might


   Skills:
 + Level 3.8 Fighting
 + Level 2.7 Long Blades
 + Level 3.8 Armour
 + Level 4.0 Shields


You had one spell level left.
You didn't know any spells.
Your spell library was empty.

Dungeon Overview and Level Annotations

Branches:
Dungeon (1/15)

Altars:


Innate Abilities, Weirdness & Mutations

You have a pair of horns on your head.
You reflexively headbutt those who attack you in melee.


Message History

The hobgoblin hits you but does no damage.
The ball python bites you but does no damage.
The ball python constricts you. You block the ball python's attack.
The ball python constricts you.
The hobgoblin hits you but does no damage.
The ball python bites you but does no damage.
The ball python constricts you. The hobgoblin hits you.
You block the ball python's attack. The ball python constricts you.
The hobgoblin hits you but does no damage.
The ball python bites you but does no damage.
The ball python constricts you. You block the hobgoblin's attack.
The ball python bites you but does no damage.
The ball python constricts you. You block the hobgoblin's attack.
You block the ball python's attack. The ball python constricts you.
You block the ball python's attack. The ball python constricts you.
The hobgoblin hits you. You block the ball python's attack.
The ball python constricts you. The hobgoblin hits you.
You block the ball python's attack. The ball python constricts you.
The hobgoblin hits you. The ball python bites you.
* * * LOW HITPOINT WARNING * * *
The ball python constricts you. The hobgoblin barely misses you.
The ball python bites you.
* * * LOW HITPOINT WARNING * * *
The ball python constricts you. You block the hobgoblin's attack.
The ball python bites you but does no damage.
The ball python constricts you.
* * * LOW HITPOINT WARNING * * *
You block the ball python's attack. The ball python constricts you.
* * * LOW HITPOINT WARNING * * *
You block the hobgoblin's attack. The ball python barely misses you.
You furiously retaliate!
You headbutt the ball python. The ball python constricts you.
* * * LOW HITPOINT WARNING * * *
You block the hobgoblin's attack. You block the ball python's attack.
The ball python constricts you.
You die...

#######..... ## .#
............ ..# .#
###......... #.# .#
##.##..#...# #.# .#
#.###.#....# #.# .#
#.##......# #.# .#
#.##..#.######.##.#
.......## #....gS#
###...## ##....@.#
####.## #.......#
.###.# #......##
.....# ##......#
.##### #.....### .#
#..#### .# #..#
.#########..#
............#


You could see a hobgoblin and a ball python.

Vanquished Creatures
  An endoplasm (D:1)
  3 goblins (D:1)
  A hobgoblin (D:1)
  6 kobolds (D:1)
  2 ball pythons (D:1)
  A bat (D:1)
  2 rats (D:1)
16 creatures vanquished.

Notes
Turn   | Place    | Note
-------+----------+-------------------------------------------
     0 | D:1      | DenSaoPin the Minotaur Fighter began the quest for the Orb.
     0 | D:1      | Reached XP level 1. HP: 19/19 MP: 0/0
   373 | D:1      | Reached skill level 4 in Shields
   373 | D:1      | Reached XP level 2. HP: 27/27 MP: 1/1
   740 | D:1      | HP: 1/27 [constriction (1)]
   741 | D:1      | Constricted to death by a ball python

Illustrated notes

Levels and vault maps discovered:
D:1:      dpeg_arrival_simpleton_a, layout_loops_ring, minmay_bisected

Skill      XL: |  1 |
---------------+----+-----
Shields        | 4 |  4.0
Fighting       | |  3.8
Long Blades    | |  2.7
Armour         | |  3.8

Action                   || total
-------------------------++-------
Melee: Long sword        ||    20
Armor: Scale mail        ||    37
Dodge: Dodged            ||    24
Block: Kite shield       ||    46
       Rpst.: Long sword ||     7
